AoeStats
← Zumoshi

Arabia

507453906Analyzed
1v1 RM · 15d ago on Sep 18, 2026· 42m 48s· 2 players
Game mode
Random Map
Map size
Tiny (2 player)
Population
200
Speed
Normal
Resources
Standard
Victory
Conquest
Starting age
Dark Age
Ending age
Imperial Age
RankedLock teamsTeams togetherTeam positionsShared explorationLock speedFull tech treeHidden civsTurbo modeCheats
Victory
Defeat
🇵🇭 Hindustanis · Philippines
1171
+14
🇮🇱 Shu · Israel
1131
-14
dan5522
9:51 Feudal Age
9:40 Loom
11:02 Double-Bit Axe
15:37 Castle Age
15:54 Fletching
19:07 Forging
19:21 Elite Skirmisher
23:06 Stone Mining
25:21 Padded Archer Armor
25:34 Gold Mining
25:50 Scale Mail Armor
27:02 Wheelbarrow
29:00 Squires
29:18 Chain Mail Armor
29:57 Forging
31:37 Iron Casting
32:24 Arson
40:38 Imperial Age
40:52 Elite Ghulam
Zumoshi
7:25 Loom
9:32 Feudal Age
10:19 Double-Bit Axe
14:43 Fletching
16:20 Padded Archer Armor
21:36 Castle Age
21:05 Gold Mining
20:57 Horse Collar
21:41 Scale Barding Armor
22:29 Bow Saw
22:44 Crossbowman
25:28 Bodkin Arrow
29:12 Scale Mail Armor
29:57 Wheelbarrow
31:02 Chain Mail Armor
31:57 Forging
32:18 Ballistics
34:58 Gambesons
34:33 Man-at-Arms
35:14 Squires
35:39 Leather Archer Armor
35:53 Long Swordsman
44:48 Imperial Age
Connection lost

Rejoining the realm…

Still unreachable

The connection could not be restored.

Session expired

The server has moved on; the page needs a fresh start.